 Dungeon Crawl Stone Soup version 0.28-a0-1002-gf00fe891ef (webtiles) character file.

Game seed: 18327954380332337406

524243 bearlyready the Wrestler (level 25, -10/238 HPs)
             Began as a Ghoul Gladiator on Dec 6, 2021.
             Was the Champion of Nemelex Xobeh.
             Killed from afar by a spark wasp (21 damage)
             ... with a living lightning
             ... on level 1 of the Depths on Dec 7, 2021.
             The game lasted 02:55:55 (81933 turns).

bearlyready the Wrestler (Ghoul Gladiator)         Turns: 81933, Time: 02:55:56

Health: -10/238    AC: 30    Str: 30    XL:     25   Next: 40%
Magic:  0/36       EV:  7    Int:  3    God:    Nemelex Xobeh [******]
Gold:   6356       SH: 12    Dex: 10    Spells: 24/24 levels left

rFire   + + +      SeeInvis +     - Unarmed
rCold   + + +      Faith    .   H - +2 shield of Resistance {rF++ rC++ Will++}
rNeg    + + +      Spirit   +   u - +8 gold dragon scales
rPois   ∞          Reflect  .   O - +0 mask of the Dragon {Will+ Slay+3 SInv}
rElec   .          Harm     .   F - +2 cloak "Deggimuv" {Will+ Regen+}
rCorr   .          Rampage  .   (no gloves)
Will    +++++                   X - +0 pair of boots
Stlth   ..........              s - amulet "Acuy" {Spirit rPois Will+}
HPRegen 0.00/turn               c - +4 ring of slaying
MPRegen 0.25/turn               w - +4 ring of slaying

@: inhibited regen, studying 2 skills
A: claws 1, cold resistance 1, negative energy resistance 3, inhibited
regeneration, torment resistance 2
}: 3/15 runes: barnacled, silver, gossamer
a: Renounce Religion, Draw Escape, Draw Destruction, Draw Summoning, Triple
Draw, Deal Four, Stack Five


You were on level 1 of the Depths.
You worshipped Nemelex Xobeh.
Nemelex Xobeh was exalted by your worship.
You visited 10 branches of the dungeon, and saw 45 of its levels.
You also visited: Trove and Bailey.

You collected 11610 gold pieces.
You spent 5254 gold pieces at shops.

Inventory:

Hand Weapons
 b - a +9 vorpal fustibalus
Missiles
 a - 9 javelins (quivered)
 d - 3 silver javelins
 e - 367 sling bullets
 g - 1515 stones
 D - 3 throwing nets
 E - 10 boomerangs of dispersal
 Y - 14 curare-tipped darts
Armour
 u - +8 gold dragon scales (worn)
 F - the +2 cloak "Deggimuv" (worn) {Will+ Regen+}
   (You found it on level 5 of the Vaults)

   Regen:     It increases your rate of health regeneration.
   Will:      It increases your willpower.
 H - the +2 shield of Resistance (worn) {rF++ rC++ Will++}
   (You bought it in a shop on level 2 of the Shoals)

   rF:        It greatly protects you from fire.
   rC:        It greatly protects you from cold.
   Will:      It greatly increases your willpower.
 I - a scarf of harm
 O - the +0 mask of the Dragon (worn) {Will+ Slay+3 SInv}
   (You bought it in a shop on level 2 of the Shoals)

   Slay:      It affects your accuracy & damage with ranged weapons and melee
   (+3).
   SInv:      It lets you see invisible.
   Will:      It increases your willpower.
 X - a +0 pair of boots (worn)
Jewellery
 c - a +4 ring of slaying (left claw)
 s - the amulet "Acuy" (around neck) {Spirit rPois Will+}
   (You found it in a treasure trove)

   [amulet of guardian spirit]

   It causes incoming damage to be divided between your reserves of health and
   magic.
   rPois:     It protects you from poison.
   Will:      It increases your willpower.
 w - a +4 ring of slaying (right claw)
 P - a ring of resist corrosion
Wands
 p - a wand of mindburst (24)
 y - a wand of flame (81)
 z - a wand of charming (5)
 C - a wand of digging (35)
 K - a wand of polymorph (27)
 U - a wand of iceblast (26)
 W - a wand of paralysis (25)
Scrolls
 k - a scroll of torment
 m - a scroll of blinking
 n - 24 scrolls of teleportation
 o - 13 scrolls of fog
 q - 7 scrolls of magic mapping
 r - 8 scrolls of fear
 x - 11 scrolls of immolation
 M - 2 scrolls of silence
 Q - 12 scrolls of amnesia
Potions
 j - 12 potions of curing
 t - 12 potions of flight
 v - 5 potions of ambrosia
 A - a potion of lignification
 B - 3 potions of haste
 G - a potion of brilliance
 J - 4 potions of resistance
 N - 6 potions of attraction
 R - 3 potions of heal wounds
 T - 3 potions of mutation
 V - 3 potions of cancellation
 Z - 3 potions of invisibility
Miscellaneous
 f - a phantom mirror
 h - a condenser vane
 i - a tin of tremorstones (inert)
 l - a box of beasts
 L - a phial of floods


   Skills:
 - Level 22.2 Fighting
 - Level 16.0(16.2) Slings
 - Level 4.0(11.2) Throwing
 + Level 10.1 Armour
 + Level 10.0 Dodging
 - Level 9.0 Shields
 + Level 25.1 Unarmed Combat
 - Level 20.3 Invocations
 - Level 12.0 Evocations


You had 24 spell levels left.
You didn't know any spells.
Your spell library contained the following spells:

 Spells                   Type           Power      Damage    Failure   Level
 Animate Skeleton         Necr           0%         N/A       100%        1
 Apportation              Tloc           0%         N/A       100%        1
 Magic Dart               Conj           0%         1d3       100%        1
 Pain                     Necr           0%         1d4       100%        1
 Sandblast                Erth           0%         2d4       100%        1
 Shock                    Conj/Air       0%         1d3       100%        1
 Slow                     Hex            0%         N/A       100%        1
 Sting                    Tmut/Pois      0%         1d3       100%        1
 Call Imp                 Summ           0%         N/A       100%        2
 Corpse Rot               Necr/Air       0%         N/A       100%        2
 Ensorcelled Hibernation  Hex/Ice        0%         N/A       100%        2
 Passwall                 Tmut/Erth      0%         N/A       100%        2
 Poisonous Vapours        Pois/Air       0%         N/A       100%        2
 Scorch                   Fire           0%         2d5       100%        2
 Static Discharge         Conj/Air       0%         N/A       100%        2
 Call Canine Familiar     Summ           0%         N/A       100%        3
 Confusing Touch          Hex            0%         N/A       100%        3
 Conjure Flame            Conj/Fire      0%         6-21      100%        3
 Frozen Ramparts          Ice            0%         1d2       100%        3
 Gell's Gravitas          Tloc           0%         N/A       100%        3
 Ignite Poison            Fire/Tmut/Pois 0%         N/A       100%        3
 Inner Flame              Hex/Fire       0%         N/A       100%        3
 Mephitic Cloud           Conj/Pois/Air  0%         N/A       100%        3
 Ozocubu's Armour         Ice            0%         N/A       100%        3
 Portal Projectile        Hex/Tloc       0%         N/A       100%        3
 Stone Arrow              Conj/Erth      0%         3d7       100%        3
 Swiftness                Air            0%         N/A       100%        3
 Teleport Other           Tloc           0%         N/A       100%        3
 Tukima's Dance           Hex            0%         N/A       100%        3
 Vampiric Draining        Necr           0%         2d6       100%        3
 Animate Dead             Necr           0%         N/A       100%        4
 Cause Fear               Hex            0%         N/A       100%        4
 Dispel Undead            Necr           0%         3d6       100%        4
 Flame Wave               Conj/Fire      0%         2d4       100%        4
 Hailstorm                Conj/Ice       0%         3d3       100%        4
 Leda's Liquefaction      Hex/Erth       0%         N/A       100%        4
 Olgreb's Toxic Radiance  Pois           0%         N/A       100%        4
 Petrify                  Tmut/Erth      0%         N/A       100%        4
 Sticky Flame             Conj/Fire      0%         2d3       100%        4
 Summon Ice Beast         Ice/Summ       0%         N/A       100%        4
 Agony                    Necr           0%         N/A       100%        5
 Alistair's Intoxication  Tmut/Pois      0%         N/A       100%        5
 Borgnjor's Vile Clutch   Necr/Erth      0%         N/A       100%        5
 Excruciating Wounds      Necr           0%         N/A       100%        5
 Irradiate                Conj/Tmut      0%         3d13      100%        5
 Lightning Bolt           Conj/Air       0%         1d11      100%        5
 Metabolic Englaciation   Hex/Ice        0%         N/A       100%        5
 Summon Mana Viper        Hex/Summ       0%         N/A       100%        5
 Yara's Violent Unravell  Hex/Tmut       0%         3d3       100%        5
 Conjure Ball Lightning   Conj/Air       0%         3x3d6     100%        6
 Death Channel            Necr           0%         N/A       100%        6
 Dispersal                Tloc           0%         N/A       100%        6
 Iron Shot                Conj/Erth      0%         9d1       100%        6
 Simulacrum               Ice/Necr       0%         N/A       100%        6
 Haunt                    Necr/Summ      0%         N/A       100%        7
 Monstrous Menagerie      Summ           0%         N/A       100%        7
 Ozocubu's Refrigeration  Ice            0%         4d5       100%        7
 Spellforged Servitor     Conj/Summ      0%         N/A       100%        7
 Discord                  Hex            0%         N/A       100%        8
 Disjunction              Tloc           0%         N/A       100%        8
 Ignition                 Fire           0%         3d3       100%        8
 Infestation              Necr           0%         N/A       100%        8
 Maxwell's Capacitive Co  Air            0%         ∞         100%        8
 Chain Lightning          Conj/Air       0%         N/A       100%        9
 Dragon's Call            Summ           0%         N/A       100%        9
 Fire Storm               Conj/Fire      0%         5d1       100%        9
 Shatter                  Erth           0%         3d5*      100%        9
 Wereblood                Tmut           Unusable   N/A       N/A         2
 Spider Form              Tmut/Pois      Unusable   N/A       N/A         3
 Ice Form                 Ice/Tmut       Unusable   N/A       N/A         4
 Blade Hands              Tmut           Unusable   N/A       N/A         5
 Statue Form              Tmut/Erth      Unusable   N/A       N/A         6
 Dragon Form              Tmut           Unusable   N/A       N/A         7

Dungeon Overview and Level Annotations

Branches:
Dungeon (15/15)            Temple (1/1) D:4            Lair (6/6) D:8
 Shoals (4/4) Lair:2       Spider (4/4) Lair:2        Slime (0/5) Lair:6
    Orc (2/2) D:12            Elf (3/3) Orc:2        Vaults (5/5) D:14
  Crypt (3/3) Vaults:2       Tomb (0/3) Crypt:3      Depths (2/4) D:15
 Bailey (visited)

Altars:
Ashenzari
Cheibriados
Dithmenos
Elyvilon
Fedhas
Gozag
Hepliaklqana
Kikubaaqudgha
Makhleb
Nemelex Xobeh
Okawaru
Qazlal
Ru
Sif Muna
Trog
Uskayaw
Vehumet
Wu Jian
Xom
Yredelemnul
Zin
The Shining One
Beogh
Lugonu

Shops:
D:3 [[*(   Orc:2 ?**?   Elf:1 [[*(   Elf:2 **   Shoals:1 (   Shoals:2 [
Vaults:2 (   Vaults:4 =

Portals:
Hell: Depths:1
Abyss: Lair:6 Depths:1
Ziggurat: Depths:1

Annotations:
Elf:2 3 runed translucent doors
Vaults:1 8 runed translucent doors, demibob's ghost, adept DsGl


Innate Abilities, Weirdness & Mutations

You thrive by killing the living.
You are immune to poison.
You have sharp fingernails.
Your flesh is cold resistant. (rC+)
You are immune to negative energy. (rN+++)
You do not regenerate when monsters are visible.
You are immune to unholy pain and torment.


Message History

You block the spark wasp's attack. The spark wasp barely misses you.
You climb upwards.
There is a stone staircase leading down here.
You scratch the spark wasp.
The spark wasp is lightly wounded.
The spark wasp stings you but does no damage.
You mangle the spark wasp!!
The spark wasp is heavily wounded.
You claw the spark wasp!
The spark wasp is severely wounded.
The spark wasp stings you!
* * * LOW HITPOINT WARNING * * *
The spark wasp shocks you!
* * * LOW HITPOINT WARNING * * *
The spark wasp barely misses you.
You scratch the spark wasp.
The spark wasp is severely wounded.
You claw the spark wasp!
The spark wasp is almost dead.
You block the spark wasp's attack.
You scratch the spark wasp but do no damage.
The spark wasp is almost dead.
The spark wasp stings you.
* * * LOW HITPOINT WARNING * * *
The spark wasp shocks you!
* * * LOW HITPOINT WARNING * * *
You scratch the spark wasp.
The spark wasp is almost dead.
The spark wasp bursts into living lightning!
The living lightning hits you!!
* * * LOW HITPOINT WARNING * * *
The spark wasp blinks!
You draw a card...
You have drawn the Orb.
Press: ? - help, Shift-Dir - straight line, f - spark wasp
Aim: a spark wasp (almost dead)
The spark wasp bursts into living lightning!
The living lightning hits you!!
You die...
Your body glows with a rainbow of weird colours and disappears.

.....#_^...'..8....##
##..#..
.....#.....'.......#
####..
.....#.....#.......#
#..
.....##########...##
###
.....#......y....##
.....###..........##
.§≈§...#..≈≈.......#
.§≈≈.....§≈.....*..#
.§§§....≈§≈≈≈...@).#
.>.......§.≈.....§##
.........§....##..#
..............##.##
..............####
...............###
.....#♣.P≈.≈P....#
.#.###P≈≈≈≈≈♣..###
#### #♣≈≈≈≈≈≈.##


You could see a spark wasp (ally target).

Vanquished Creatures
  2 dread liches
  An ancient lich (Vaults:5)
  Sojobo (Vaults:2)
  Bai Suzhen (Shoals:4)
  2 profane servitors (Crypt:3)
  the Enchantress (Depths:1)
  Jory (Crypt:2)
  2 golden dragons (Vaults:5)
  Nikola (Depths:1)
  Arachne (Spider:2)
  A shard shrike zombie (Crypt:1)
  2 tentacled monstrosities (Vaults:5)
  A lich (Crypt:3)
  3 deep elf blademasters (Elf:3)
  A shard shrike skeleton (Crypt:2)
  2 deep elf master archers (Elf:3)
  A quicksilver dragon (Vaults:5)
  3 titans
  8 ancient champions
  Polyphemus (Shoals:4)
  6 sphinxes
  3 tengu reavers
  3 shadow dragons
  The ghost of Foxy the Warrior, an adept DgAE (Shoals:3)
  Roxanne (Shoals:3)
  4 storm dragons
  3 revenants
  Agnes (Spider:2)
  A nagaraja (Vaults:4)
  A frost giant (Vaults:5)
  3 fire giants
  A juggernaut zombie (Crypt:3)
  5 ghost moths
  2 orc warlords
  22 vault wardens
  9 deep elf sorcerers
  Aizul (Spider:2)
  A curse skull (Crypt:1)
  6 ghouls
  16 ironbound preservers
  3 deep elf elementalists (Elf:3)
  3 spriggan defenders (Depths:1)
  11 stone giants
  16 very ugly things
  3 emperor scorpions
  A quicksilver ooze (Spider:4)
  2 vampire knights (Crypt:1)
  7 war gargoyles
  The ghost of croobank the Conjurer, a journeyman HuCA of Ignis (Lair:6)
  An eleionoma (Lair:6)
  Azrael (Spider:3)
  11 deep elf annihilators
  7 deep elf demonologists
  An entropy weaver (Spider:3)
  4 spark wasps
  3 dire elephants (Vaults:2)
  8 merfolk impalers
  An iron golem (Depths:1)
  4 eidola
  11 deep elf death magi
  A merfolk javelineer (Shoals:4)
  A mummy priest (Crypt:3)
  Josephine (Orc:2)
  11 jiangshi
  2 crystal guardians (Vaults:4)
  18 yaktaur captains
  3 fire dragons
  2 ettins
  5 deep elf high priests
  2 ice dragons
  3 great orbs of eyes
  3 ogre magi
  9 ironbound thunderhulks
  4 catoblepae
  3 rakshasas
  43 vault guards
  3 peacekeepers
  3 spriggan air magi
  5 boulder beetles
  15 ironbound frosthearts
  6 hydras
  24 centaur warriors
  A merfolk avatar (Shoals:2)
  2 alligator snapping turtles
  An alligator (Elf:1)
  An anaconda (Lair:6)
  23 dancing weapons
  The ghost of wotkd0121004 the Covert, a journeyman OpEE of Gozag (D:10)
  8 two-headed ogres
  3 merfolk aquamancers
  A satyr (Shoals:2)
  4 vampire magi
  3 death knights
  3 tengu warriors
  A titan zombie (Crypt:3)
  5 death yaks
  2 thrashing horrors (Lair:6)
  Sonja (Orc:1)
  Urug (Lair:2)
  17 deep elf knights
  2 spriggan berserkers (Depths:1)
  3 hell knights
  3 orc high priests (Orc:2)
  A soul eater (Crypt:3)
  2 fire crabs
  A spark wasp zombie (Crypt:1)
  A death drake (Shoals:3)
  47 skeletal warriors
  A shadow wraith (Crypt:3)
  A swamp dragon (Spider:1)
  25 deep trolls
  6 bog bodies
  8 flayed ghosts
  4 large abominations (Lair:6)
  12 sea snakes
  2 glowing orange brains
  11 deep elf archers
  11 wizards
  Pikel (D:4)
  13 wolf spider zombies (Spider:3)
  9 orc knights
  26 deep elf pyromancers
  9 phantasmal warriors
  28 deep elf zephyrmancers
  19 ironbound convokers
  3 necromancers
  4 lindwurms
  6 orb spiders
  A bunyip skeleton (Crypt:2)
  23 harpies
  A fire giant zombie (D:15)
  4 orc sorcerers (Orc:2)
  A sphinx skeleton (Crypt:1)
  34 ugly things
  An eleionoma zombie (Crypt:3)
  18 manticores
  4 fauns
  2 tengu skeletons (Vaults:2)
  A shadow dragon skeleton (D:15)
  10 merfolk sirens
  31 wolf spiders
  8 cyclopes
  18 elephants
  7 water nymphs
  A black mamba (shapeshifter) (Vaults:4)
  2 moths of wrath
  A frost giant skeleton (Vaults:2)
  5 black mambas
  An eye of devastation (shapeshifter) (Vaults:1)
  2 gargoyles
  A smoke demon (Lair:6)
  22 vault sentinels
  An unseen horror (shapeshifter) (Vaults:5)
  3 torpor snails
  3 rime drakes
  14 cane toads
  An iron troll zombie (Crypt:3)
  4 kobold demonologists
  10 redback zombies (Spider:3)
  9 freezing wraiths
  6 komodo dragons
  43 yaktaurs
  3 tengu conjurers (Depths:1)
  An ancient zyme (Lair:6)
  3 yaktaur skeletons (Vaults:2)
  11 demonic crawlers
  28 merfolk
  7 guardian mummies (Crypt:3)
  24 jumping spiders
  A queen bee (shapeshifter) (Vaults:4)
  2 merfolk (shapeshifter)
  7 trolls
  A hydra zombie (Crypt:2)
  2 tyrant leeches
  15 wind drakes
  3 hornets
  5 polar bears
  A blink frog (shapeshifter) (Lair:6)
  A guardian serpent zombie (Crypt:1)
  18 blink frogs
  A death drake skeleton (Crypt:3)
  13 dream sheep
  A meliai zombie (D:11)
  41 slime creatures
  5 tarantella zombies (Spider:3)
  A human simulacrum (Vaults:5)
  2 spriggan zombies (D:15)
  A centaur simulacrum (D:14)
  11 snapping turtles
  2 vampires
  2 spriggans
  2 shadows (D:11)
  5 fire elementals
  75 redbacks
  A redback (shapeshifter) (Vaults:4)
  14 air elementals
  15 water elementals
  5 hogs
  38 tarantellas
  A satyr skeleton (Crypt:2)
  7 wyverns
  2 ynoxinuls (Lair:6)
  8 wraiths
  7 basilisks
  A wind drake zombie (Crypt:1)
  37 yaks
  3 ushabtiu (Crypt:3)
  A golden eye (Shoals:3)
  6 vampire mosquitoes
  2 steam dragons
  2 chaos spawn (Lair:6)
  A two-headed ogre zombie (Crypt:2)
  A merfolk zombie (Crypt:2)
  10 small abominations (Lair:6)
  A human zombie (Vaults:5)
  2 acid dragons
  26 water moccasins
  6 hell hounds
  An acid dragon (shapeshifter) (D:11)
  A floating eye (Elf:1)
  2 black bears
  24 orc warriors
  A hornet zombie (D:6)
  A swamp dragon zombie (Crypt:2)
  A swamp drake (shapeshifter) (Vaults:5)
  4 boggarts (Vaults:3)
  7 centaurs
  6 wolves (Lair:5)
  A necrophage (Crypt:3)
  11 ogres
  A lindwurm skeleton (Crypt:3)
  A phantom (D:4)
  5 human skeletons (Vaults:2)
  2 lemures (D:4)
  2 kobold brigands
  12 bullfrogs
  A naga simulacrum (Crypt:3)
  Blork the orc (D:4)
  4 scorpions
  A wyvern zombie (D:6)
  2 gnoll sergeants
  3 earth elementals
  A killer bee (D:11)
  A polar bear skeleton (Crypt:2)
  8 electric eels
  3 wights (D:4)
  2 howler monkeys
  2 hounds
  2 jellies
  A bullfrog zombie (D:6)
  5 centaur zombies
  A gnoll shaman (D:5)
  12 orc priests
  2 centaur skeletons
  A basilisk skeleton (Crypt:2)
  2 bullfrog skeletons
  2 iguanas (D:4)
  20 orc wizards
  2 hell rats (Elf:1)
  An ogre zombie (Crypt:1)
  A deep dwarf skeleton (Crypt:3)
  A dwarf skeleton (Crypt:1)
  A felid skeleton (Crypt:3)
  A howler monkey zombie (D:8)
  10 gnolls
  5 adders
  A howler monkey skeleton (Crypt:2)
  2 white imps
  An ufetubus (D:6)
  An adder skeleton (D:4)
  3 worms
  14 dart slugs
  44 orcs
  2 bats (D:1)
  11 endoplasms
  7 giant cockroaches
  8 goblins
  8 jackals
  3 quokkas
  3 training dummies (Shoals:1)
  3 ball pythons
  3 frilled lizards
  A jackal zombie (Crypt:3)
  19 kobolds
  4 rats
  A river rat skeleton (Crypt:3)
  A spectral orc (D:6)
1836 creatures vanquished.

Vanquished Creatures (collateral kills)
  Margery (Vaults:5)
  Mlioglotl (Shoals:3)
  A deep elf blademaster (Elf:3)
  2 ancient champions
  A sphinx (Vaults:5)
  Kirke (Lair:5)
  A tengu reaver (Vaults:5)
  Donald (Shoals:1)
  A revenant (Crypt:3)
  2 frost giants
  An emperor scorpion (Spider:4)
  A ghoul (Crypt:1)
  5 vault wardens
  Nessos (Lair:6)
  4 deep elf annihilators
  2 entropy weavers
  A deep elf death mage (Elf:3)
  A mummy priest (Crypt:3)
  4 deep elf high priests (Elf:3)
  A yaktaur captain (Vaults:5)
  A vault guard (Vaults:5)
  2 hydras
  A merfolk aquamancer (Shoals:4)
  A dancing weapon (Spider:2)
  3 hell knights (Vaults:5)
  3 death yaks (Lair:3)
  3 skeletal warriors (Crypt:3)
  A goliath frog (Elf:1)
  An ironbound convoker (Vaults:3)
  A necromancer (Vaults:5)
  A deep elf archer (Elf:3)
  3 wolf spiders (Spider:4)
  An orb spider (Spider:3)
  A shining eye (Shoals:4)
  2 deep elf pyromancers
  A fire giant zombie (Vaults:5)
  A manticore (Shoals:3)
  2 merfolk sirens
  A spriggan zombie (Crypt:3)
  2 vault sentinels (Vaults:4)
  6 yaktaurs (Vaults:5)
  2 freezing wraiths (Crypt:3)
  A guardian mummy (Crypt:3)
  An efreet (D:11)
  A wind drake (Shoals:4)
  A jumping spider (Spider:3)
  4 merfolk
  2 slime creatures
  A blink frog (Lair:6)
  A redback (Spider:4)
  3 water elementals
  2 air elementals (Shoals:4)
  4 tarantellas
  A fire elemental (Spider:3)
  A basilisk (Spider:4)
  An acid dragon (D:12)
  A water moccasin (Spider:4)
  An orc warrior (Bailey)
  A sky beast (Spider:4)
  A black bear (Spider:4)
  A necrophage (Crypt:1)
  A tengu (Bailey)
103 creatures vanquished.

Vanquished Creatures (others)
  A death yak (Shoals:4)
  A shadow wraith (Crypt:3)
  A deep elf zephyrmancer (Elf:1)
  A jumping spider (Spider:1)
  5 dream sheep (D:5)
  A tarantella (Spider:3)
  A shadow (D:11)
  47 fungi
  136 plants
  A withered plant (D:15)
195 creatures vanquished.

Grand Total: 2134 creatures vanquished

Notes
Turn   | Place    | Note
-------+----------+-------------------------------------------
     0 | D:1      | bearlyready the Ghoul Gladiator began the quest for the
                  | Orb.
     0 | D:1      | Reached XP level 1. HP: 17/17 MP: 0/0
   129 | D:1      | Found a faded altar of an unknown god.
   518 | D:2      | Reached XP level 2. HP: 2/24 MP: 1/1
   864 | D:2      | Reached skill level 4 in Unarmed Combat
  1212 | D:2      | Reached XP level 3. HP: 7/29 MP: 2/2
  1360 | D:2      | Reached skill level 1 in Slings
  1762 | D:2      | Reached XP level 4. HP: 36/36 MP: 3/3
  2519 | D:1      | Reached skill level 5 in Unarmed Combat
  2758 | D:3      | Found a broken altar of Ashenzari.
  2801 | D:3      | Noticed an ogre
  2804 | D:3      | Killed an ogre
  2805 | D:3      | Reached XP level 5. HP: 41/41 MP: 4/4
  2910 | D:3      | Found Cussip's Antique Armour Shop.
  2911 | D:3      | Found Copuuhuosi's Assorted Antiques.
  3021 | D:3      | Found Ziciery's Weapon Emporium.
  3139 | D:3      | Found Helan's Armour Boutique.
  3336 | D:4      | Noticed Blork the orc
  3347 | D:4      | Killed Blork the orc
  3348 | D:4      | Reached skill level 6 in Unarmed Combat
  3348 | D:4      | Reached XP level 6. HP: 30/48 MP: 5/5
  3567 | D:4      | Identified the +0 robe "Pagiutz" {rN+ Regen+ Dex+6}
  3976 | D:4      | Found an ancient bone altar of Kikubaaqudgha.
  4030 | D:4      | Reached XP level 7. HP: 55/55 MP: 6/6
  4115 | D:4      | Found a staircase to the Ecumenical Temple.
  4198 | Temple   | Entered the Ecumenical Temple
  4412 | Temple   | Became a worshipper of Nemelex Xobeh the Trickster
  4474 | D:4      | Noticed Pikel
  4495 | D:4      | Reached skill level 7 in Unarmed Combat
  4515 | D:4      | Killed Pikel
  4516 | D:4      | Reached skill level 5 in Slings
  4516 | D:4      | Reached XP level 8. HP: 57/61 MP: 6/9
  4746 | D:5      | Entered Level 5 of the Dungeon
  4781 | D:5      | Reached skill level 8 in Unarmed Combat
  5202 | D:5      | Reached skill level 5 in Invocations
  5202 | D:5      | Reached XP level 9. HP: 28/67 MP: 11/11
  5566 | D:5      | Reached * piety under Nemelex Xobeh
  5629 | D:5      | Reached skill level 9 in Unarmed Combat
  5719 | D:5      | Found a shimmering altar of Xom.
  5853 | D:5      | Found an iron altar of Okawaru.
  6452 | D:6      | Found a basalt altar of Yredelemnul.
  6544 | D:6      | Reached skill level 1 in Shields
  7202 | D:7      | Reached XP level 10. HP: 75/77 MP: 14/14
  7313 | D:7      | Noticed a two-headed ogre
  7353 | D:7      | Killed a two-headed ogre
  7354 | D:7      | Reached skill level 10 in Unarmed Combat
  8266 | D:8      | Received a gift from Nemelex Xobeh
  8275 | D:8      | Identified the ring of the Duchess {rF- Will+ Str+6 Int+3}
  8332 | D:8      | Found a staircase to the Lair.
  8797 | D:8      | Reached skill level 5 in Fighting
  9102 | D:8      | Reached ** piety under Nemelex Xobeh
  9107 | D:8      | Noticed a boulder beetle
  9115 | D:8      | Killed a boulder beetle
  9609 | D:9      | Noticed a white ugly thing
  9623 | D:9      | Killed a white ugly thing
  9624 | D:9      | Reached XP level 11. HP: 48/89 MP: 16/16
 10276 | D:10     | Entered Level 10 of the Dungeon
 10281 | D:10     | Identified a scroll of acquirement
 10282 | D:10     | Acquired 732 gold pieces
 10319 | D:10     | Reached skill level 11 in Unarmed Combat
 10572 | D:10     | Found a flagged portal.
 10588 | Bailey   | Entered a bailey
 10588 | Bailey   | Noticed an orc knight
 10608 | Bailey   | Reached skill level 5 in Shields
 10942 | Bailey   | Killed an orc knight
 11214 | D:10     | Found a sacrificial altar of Ru.
 11279 | D:10     | Noticed a two-headed ogre
 11285 | D:10     | Killed a two-headed ogre
 11508 | D:10     | Found a runed translucent gate.
 11508 | D:10     | Found a runed translucent gate.
 11508 | D:10     | Found a runed translucent gate.
 11508 | D:10     | Noticed wotkd0121004's ghost (journeyman OpEE)
 12030 | D:10     | Found a hide-covered altar of Uskayaw.
 12031 | D:10     | Received a gift from Nemelex Xobeh
 12278 | D:10     | Found an opulent altar of Gozag.
 12597 | D:11     | Noticed a cyclops
 12603 | D:11     | Killed a cyclops
 12604 | D:11     | Reached skill level 12 in Unarmed Combat
 12721 | D:11     | Got Easy Thaumaturgy
 12803 | D:11     | Received a gift from Nemelex Xobeh
 12839 | D:11     | Reached *** piety under Nemelex Xobeh
 12992 | D:11     | Reached skill level 10 in Invocations
 13405 | D:11     | Noticed a manticore
 13409 | D:11     | Reached XP level 12. HP: 93/100 MP: 18/18
 14325 | D:11     | Reached skill level 13 in Unarmed Combat
 14449 | D:11     | Noticed a two-headed ogre
 14462 | D:11     | Killed a two-headed ogre
 14963 | D:12     | Reached skill level 14 in Unarmed Combat
 15036 | D:12     | Found a staircase to the Orcish Mines.
 15048 | D:12     | Received a gift from Nemelex Xobeh
 15327 | D:12     | Noticed a two-headed ogre
 15720 | D:12     | Noticed a boulder beetle
 15736 | D:12     | Banished a boulder beetle
 15737 | D:12     | Reached skill level 1 in Armour
 16430 | D:12     | Identified the +0 long sword of Vuamask {vamp, rCorr Dex-4
                  | SInv}
 16436 | D:12     | Reached XP level 13. HP: 83/107 MP: 20/20
 16923 | Lair:1   | Entered Level 1 of the Lair of Beasts
 17024 | Lair:1   | Received a gift from Nemelex Xobeh
 17437 | Lair:1   | Reached **** piety under Nemelex Xobeh
 18202 | Lair:2   | Found a hole to the Spider Nest.
 18359 | Lair:2   | Noticed Urug
 18368 | Lair:2   | Killed Urug
 18767 | Lair:2   | Reached skill level 5 in Dodging
 19521 | Lair:2   | Received a gift from Nemelex Xobeh
 19769 | Lair:2   | Found a staircase to the Shoals.
 20235 | Lair:3   | Reached skill level 15 in Unarmed Combat
 20254 | Lair:3   | Reached skill level 1 in Evocations
 20521 | Lair:3   | Identified the +1 long sword of Veozecs {vorpal, rElec
                  | Dex+4 Stlth+}
 20531 | Lair:3   | Reached skill level 5 in Armour
 20784 | Lair:3   | Reached ***** piety under Nemelex Xobeh
 20898 | Lair:3   | Reached XP level 14. HP: 114/118 MP: 21/21
 21179 | Lair:3   | Received a gift from Nemelex Xobeh
 21847 | Lair:4   | Received a gift from Nemelex Xobeh
 22436 | Lair:5   | Received a gift from Nemelex Xobeh
 22732 | Lair:5   | Received a gift from Nemelex Xobeh
 22769 | Lair:5   | Noticed Kirke
 22813 | Lair:5   | Killed Kirke
 23123 | Lair:5   | Identified the +2 long sword "Otior" {elec, rC+ Will+
                  | Int+5}
 23236 | Lair:6   | Entered Level 6 of the Lair of Beasts
 23236 | Lair:6   | Noticed Nessos
 23650 | Lair:6   | Noticed Rupert
 23655 | Lair:6   | Noticed Rupert
 23655 | Lair:6   | Rupert changed into Rupert the eleionoma
 23660 | Lair:6   | Killed Rupert the eleionoma
 23661 | Lair:6   | Reached skill level 10 in Fighting
 24029 | Lair:6   | Received a gift from Nemelex Xobeh
 24482 | Lair:6   | Found a staircase to the Slime Pits.
 24583 | Lair:6   | Found a transporter.
 24589 | Lair:6   | Noticed croobank's ghost (journeyman HuCA)
 24950 | Lair:6   | Found a transporter.
 25036 | Lair:6   | Killed Nessos
 25943 | Lair:6   | Reached XP level 15. HP: 79/128 MP: 22/22
 26173 | Lair:6   | Received a gift from Nemelex Xobeh
 26562 | Lair:6   | Reached skill level 16 in Unarmed Combat
 26925 | Lair:6   | Found a corrupted altar of Lugonu.
 26925 | Lair:6   | Found a one-way gate to the infinite horrors of the Abyss.
 27275 | D:10     | Killed wotkd0121004's ghost
 28525 | D:14     | Reached ****** piety under Nemelex Xobeh
 28885 | D:14     | Received a gift from Nemelex Xobeh
 29198 | D:14     | Found a shimmering blue altar of Sif Muna.
 29282 | D:14     | Found a gate to the Vaults.
 29288 | D:14     | Found a basalt altar of Yredelemnul.
 29523 | D:14     | Found a snail-covered altar of Cheibriados.
 29739 | D:15     | Entered Level 15 of the Dungeon
 30081 | D:15     | Paralysed by something for 3 turns
 30362 | D:15     | Received a gift from Nemelex Xobeh
 30657 | D:15     | Found a staircase to the Depths.
 31209 | D:15     | Received a gift from Nemelex Xobeh
 31526 | Depths:1 | Entered Level 1 of the Depths
 31750 | D:13     | Reached XP level 16. HP: 123/139 MP: 24/24
 31899 | D:13     | Received a gift from Nemelex Xobeh
 32115 | Orc:1    | Entered Level 1 of the Orcish Mines
 32125 | Orc:1    | Noticed Sonja
 32155 | Orc:1    | Killed Sonja
 32356 | Orc:2    | Entered Level 2 of the Orcish Mines
 32382 | Orc:2    | Noticed Josephine
 32391 | Orc:2    | Killed Josephine
 32948 | Orc:2    | Found a staircase to the Elven Halls.
 32966 | Orc:2    | Received a gift from Nemelex Xobeh
 33178 | Orc:2    | Found Mayxaise's Magic Scroll Shoppe.
 33583 | Orc:2    | Reached skill level 17 in Unarmed Combat
 33595 | Orc:2    | Found Yrranirr's Assorted Antiques.
 33597 | Orc:2    | Found Okloaheyv's General Store.
 33597 | Orc:2    | Found Enwiodes's Magic Scroll Boutique.
 33648 | Orc:2    | Bought a scroll of blinking for 195 gold pieces
 33650 | Orc:2    | Bought a scroll of teleportation for 30 gold pieces
 33650 | Orc:2    | Bought a scroll of enchant weapon for 75 gold pieces
 33650 | Orc:2    | Bought a scroll of teleportation for 30 gold pieces
 33650 | Orc:2    | Bought a scroll of enchant weapon for 75 gold pieces
 33650 | Orc:2    | Bought a scroll of magic mapping for 35 gold pieces
 33650 | Orc:2    | Bought a scroll of fog for 20 gold pieces
 33650 | Orc:2    | Bought a scroll of teleportation for 30 gold pieces
 33650 | Orc:2    | Bought 2 scrolls of teleportation for 60 gold pieces
 33660 | Orc:2    | Bought a scroll of teleportation for 33 gold pieces
 33660 | Orc:2    | Bought a scroll of enchant weapon for 82 gold pieces
 33660 | Orc:2    | Bought a scroll of blinking for 82 gold pieces
 33660 | Orc:2    | Bought a scroll of teleportation for 33 gold pieces
 33660 | Orc:2    | Bought a scroll of enchant armour for 82 gold pieces
 33660 | Orc:2    | Bought a scroll of fear for 38 gold pieces
 34053 | Spider:1 | Entered Level 1 of the Spider Nest
 34652 | Spider:1 | Received a gift from Nemelex Xobeh
 36056 | Shoals:1 | Entered Level 1 of the Shoals
 36056 | Shoals:1 | Noticed Donald
 36056 | Shoals:1 | Received a gift from Nemelex Xobeh
 36062 | Shoals:1 | Killed Donald
 36626 | Shoals:1 | Reached skill level 18 in Unarmed Combat
 37056 | Shoals:1 | Reached XP level 17. HP: 136/151 MP: 26/26
 37343 | Shoals:1 | Found Luofeate's Firing Range.
 37348 | Shoals:1 | Bought 21 sling bullets for 136 gold pieces
 37348 | Shoals:1 | Bought 11 sling bullets for 71 gold pieces
 37366 | Shoals:1 | Bought a +0 fustibalus for 195 gold pieces
 38177 | Shoals:2 | Received a gift from Nemelex Xobeh
 38259 | Shoals:2 | Found Tuilucing's Antique Armour Emporium.
 38268 | Shoals:2 | Bought the +2 shield of Resistance {rF++ rC++ Will++} for
                  | 2401 gold pieces
 38268 | Shoals:2 | Found the +2 shield of Resistance {rF++ rC++ Will++}
 39030 | Shoals:2 | Received a gift from Nemelex Xobeh
 39301 | Shoals:3 | Reached skill level 10 in Slings
 39313 | Shoals:3 | Noticed Roxanne
 40286 | Shoals:3 | Got the Grimoire of Torrid Calling
 40619 | Shoals:4 | Entered Level 4 of the Shoals
 40933 | Shoals:3 | Noticed Mlioglotl
 40934 | Shoals:3 | Found a runed translucent door.
 40934 | Shoals:3 | Noticed Foxy's ghost (adept DgAE)
 40940 | Shoals:3 | Killed Mlioglotl
 41278 | Shoals:3 | Received a gift from Nemelex Xobeh
 41447 | Shoals:4 | Reached skill level 15 in Fighting
 41466 | Shoals:4 | Paralysed by an air elemental for 1 turns
 41470 | Shoals:4 | Paralysed by an air elemental for 1 turns
 41839 | Shoals:4 | Paralysed by an air elemental for 1 turns
 41844 | Shoals:4 | Paralysed by an air elemental for 1 turns
 42182 | Shoals:4 | Paralysed by an air elemental for 1 turns
 42188 | Shoals:4 | Paralysed by an air elemental for 1 turns
 42386 | Shoals:4 | Paralysed by an air elemental for 1 turns
 42391 | Shoals:4 | Paralysed by an air elemental for 1 turns
 42395 | Shoals:4 | Reached skill level 19 in Unarmed Combat
 42395 | Shoals:4 | Paralysed by an air elemental for 1 turns
 42398 | Shoals:4 | Identified the +0 hand axe of Death {protect, rCorr Str+3}
 42734 | Shoals:2 | Bought the +0 mask of the Dragon {Will+ Slay+3 SInv} for
                  | 1235 gold pieces
 42734 | Shoals:2 | Found the +0 mask of the Dragon {Will+ Slay+3 SInv}
 43250 | Shoals:3 | Killed Roxanne
 43548 | Shoals:4 | Found a hazy altar of Hepliaklqana.
 43562 | Shoals:4 | Paralysed by an air elemental for 1 turns
 43630 | Shoals:4 | Paralysed by an air elemental for 1 turns
 43946 | Shoals:4 | Received a gift from Nemelex Xobeh
 44045 | Shoals:4 | Paralysed by an air elemental for 1 turns
 44051 | Shoals:4 | Paralysed by an air elemental for 1 turns
 44347 | Shoals:4 | Reached XP level 18. HP: 153/166 MP: 27/27
 44603 | Shoals:4 | Noticed Bai Suzhen
 44772 | Shoals:4 | Killed Bai Suzhen
 45196 | Shoals:4 | Noticed a titan
 45213 | Shoals:4 | Noticed Polyphemus
 45218 | Shoals:4 | Killed a titan
 45227 | Shoals:4 | Killed Polyphemus
 45235 | Shoals:4 | Got a barnacled rune of Zot
 45573 | Shoals:4 | Paralysed by an air elemental for 1 turns
 45577 | Shoals:4 | Paralysed by an air elemental for 1 turns
 45584 | Shoals:4 | Paralysed by an air elemental for 1 turns
 45825 | Shoals:3 | Killed Foxy's ghost
 46043 | Spider:2 | Found a runed translucent door.
 46097 | Spider:2 | Noticed Arachne
 46121 | Spider:2 | Killed Arachne
 46122 | Spider:2 | Reached skill level 20 in Unarmed Combat
 46364 | Spider:2 | Noticed Aizul
 46376 | Spider:2 | Killed Aizul
 46405 | Spider:2 | Noticed Agnes
 46413 | Spider:2 | Killed Agnes
 46930 | Spider:2 | HP: 6/168 [+0 halberd (17)]
 47571 | Elf:1    | Entered Level 1 of the Elven Halls
 47571 | Elf:1    | Received a gift from Nemelex Xobeh
 47805 | Elf:1    | Found Idiafy's Assorted Antiques.
 47815 | Elf:1    | Bought a scroll of teleportation for 75 gold pieces
 47815 | Elf:1    | Bought a scroll of blinking for 187 gold pieces
 47896 | Elf:1    | Found Micwitop's Antique Armour Shop.
 47963 | Elf:1    | Received a gift from Nemelex Xobeh
 48056 | Elf:1    | Found Feirphafe's Antique Weapon Emporium.
 48134 | Elf:1    | Found Ymeuv's Antique Armour Shop.
 48535 | Elf:1    | Paralysed by a floating eye for 2 turns
 48539 | Elf:1    | Paralysed by a floating eye for 3 turns
 48541 | Elf:1    | HP: 2/168 [acid (11)]
 49323 | Elf:1    | Reached skill level 15 in Invocations
 50240 | Elf:2    | Found Byretz's General Store.
 50244 | Elf:2    | Found Zidobixt's Specific Store.
 50265 | Elf:2    | Bought a scroll of teleportation for 54 gold pieces
 50298 | Elf:2    | Reached XP level 19. HP: 149/177 MP: 29/29
 50562 | Elf:2    | Received a gift from Nemelex Xobeh
 50763 | Elf:2    | Found a runed translucent gate.
 50764 | Elf:2    | Found a runed translucent gate.
 50764 | Elf:2    | Found a runed translucent gate.
 51113 | Elf:3    | Entered Level 3 of the Elven Halls
 51528 | Vaults:1 | Entered Level 1 of the Vaults
 51557 | Vaults:1 | Received a gift from Nemelex Xobeh
 51557 | Vaults:1 | Found a portal to a secret trove of treasure.
 51827 | Vaults:1 | Reached skill level 21 in Unarmed Combat
 52347 | Vaults:1 | Noticed a dread lich
 52370 | Vaults:1 | Killed a dread lich
 52572 | Vaults:1 | Found a large runed translucent door.
 52572 | Vaults:1 | Found a large runed translucent door.
 52572 | Vaults:1 | Found a large runed translucent door.
 52572 | Vaults:1 | Found a large runed translucent door.
 52572 | Vaults:1 | Noticed demibob's ghost (adept DsGl)
 52573 | Vaults:1 | Found a large runed translucent door.
 52573 | Vaults:1 | Found a large runed translucent door.
 52573 | Vaults:1 | Found a large runed translucent door.
 52573 | Vaults:1 | Found a large runed translucent door.
 52582 | Vaults:1 | Received a gift from Nemelex Xobeh
 52586 | Vaults:1 | Identified the +1 plate armour of Qol Eleg {rC- Will+
                  | Regen+}
 53777 | Vaults:1 | Received a gift from Nemelex Xobeh
 53994 | Vaults:1 | You fall into a shaft and drop 1 floor!
 55277 | Spider:3 | Reached XP level 20. HP: 155/189 MP: 31/31
 55898 | Spider:3 | Received a gift from Nemelex Xobeh
 56054 | Spider:3 | Noticed Azrael
 56403 | Spider:3 | Killed Azrael
 56412 | Spider:3 | Acquired 683 gold pieces
 57101 | Spider:3 | Reached skill level 22 in Unarmed Combat
 57359 | Spider:4 | Entered Level 4 of the Spider Nest
 57754 | Spider:4 | Identified the +1 mace "Kohof" {flame, Str+4}
 57952 | Spider:4 | Received a gift from Nemelex Xobeh
 58860 | Spider:4 | Got a gossamer rune of Zot
 59676 | Elf:3    | Received a gift from Nemelex Xobeh
 59989 | Elf:3    | Reached XP level 21. HP: 112/200 MP: 26/33
 60384 | Elf:3    | Identified the +1 robe of Leapfrog {rPois Dex+2}
 60388 | Elf:3    | Identified the +2 trident of Vigo {elec, rCorr}
 60401 | Elf:3    | Identified the +2 leather armour "Eguridgh" {Int+2 Stlth+}
 60928 | Elf:3    | Identified the +1 leather armour of the Gardener {+Inv
                  | rN+++ Str-5}
 61431 | Elf:3    | Acquired 490 gold pieces
 61436 | Elf:3    | Got Sif Muna's Papyrus of the Volcanoes
 61437 | Elf:3    | Identified the +8 chain mail of Honour {Rampage}
 61439 | Elf:3    | Got the Catalogue of Poisoning
 61442 | Elf:3    | Identified the +2 quarterstaff "Oteptepp" {vorpal, +Blink
                  | rF+}
 61535 | Elf:3    | Got the Catalogue of Bewitching Conjuration
 61589 | Elf:3    | Identified the +1 plate armour "Duzoemo" {rC+ rCorr}
 61650 | Elf:3    | Received a gift from Nemelex Xobeh
 62407 | Lair:6   | Killed croobank's ghost
 62792 | Vaults:2 | HP: 9/201 [vault warden (23)]
 62827 | Vaults:1 | Reached skill level 23 in Unarmed Combat
 63849 | Vaults:2 | Identified the ring of Gav Lasaho {Fire rPois Int+4}
 64423 | Vaults:2 | Found a staircase to the Crypt.
 64427 | Vaults:2 | Reached skill level 5 in Evocations
 64867 | Vaults:2 | Received a gift from Nemelex Xobeh
 65106 | Vaults:2 | Found Moatwos's Weapon Boutique.
 65967 | Vaults:3 | Reached XP level 22. HP: 158/211 MP: 24/34
 66094 | Vaults:3 | Received a gift from Nemelex Xobeh
 67715 | Vaults:4 | Found Nechukaf's Jewellery Shoppe.
 68536 | Vaults:4 | Identified the +8 short sword "Impbane" {freeze, Will+
                  | Str-4 Dex+4}
 69277 | Vaults:4 | Received a gift from Nemelex Xobeh
 70014 | Vaults:4 | Acquired 627 gold pieces
 70697 | Vaults:1 | You paid a toll of +4 storm dragon scales to enter a
                  | treasure trove
 70698 | Trove    | Entered a treasure trove
 70702 | Trove    | Identified an amulet of Meiqub {Reflect rC+ rN+ Int-4 SH+5}
 70705 | Trove    | Identified the amulet of Dauparull {+Inv rC+ Will+ Regen+
                  | Stlth+}
 70707 | Trove    | Identified the amulet "Acuy" {Spirit rPois Will+}
 70714 | Trove    | Identified the ring "Lafal" {rC+ rCorr MP+9 Dex+2 SInv}
 70716 | Trove    | Identified the ring "Iluqaxoo" {Str+2 Int+6 Dex+4}
 70718 | Trove    | Identified the amulet "Riruw" {RegenMP rF+ rC+}
 70719 | Trove    | Identified the ring "Ampoeh" {Fire Int-4 Dex+4}
 70721 | Trove    | Identified the amulet "Jedy" {rElec Regen+ Int-5 Dex+4}
 70722 | Trove    | Identified the amulet "Fuxzihau" {Faith +Blink rN+}
 71084 | Vaults:4 | Reached XP level 23. HP: 218/218 MP: 33/35
 71163 | Vaults:4 | Identified the -2 hand axe of Patterns {flame, rPois rC+
                  | Dex-5}
 71956 | Vaults:4 | Received a gift from Nemelex Xobeh
 72216 | Vaults:5 | Entered Level 5 of the Vaults
 72220 | Vaults:5 | Reached skill level 10 in Evocations
 72724 | Vaults:5 | Reached skill level 15 in Slings
 73065 | Vaults:5 | Noticed Margery
 73077 | Vaults:5 | Killed Margery
 74768 | Vaults:5 | Identified the +2 morningstar "Xom's Malicious Joy" {venom,
                  | rC++ rCorr Str-2 Int+2}
 75861 | Vaults:5 | Received a gift from Nemelex Xobeh
 75931 | Vaults:5 | Reached XP level 24. HP: 180/228 MP: 25/35
 76138 | Vaults:5 | Identified the +2 cloak "Deggimuv" {Will+ Regen+}
 76553 | Vaults:5 | Identified the ring of Jaidami {rF++ Will+ MP+9 Str-3
                  | Stlth+}
 76709 | Vaults:5 | Noticed an ancient lich
 76716 | Vaults:5 | Killed an ancient lich
 76805 | Vaults:5 | Noticed a dread lich
 76809 | Vaults:5 | Killed a dread lich
 76853 | Vaults:5 | Identified the amulet "Puxihosu" {Acrobat rElec rC- Dex+4}
 76855 | Vaults:5 | Got a silver rune of Zot
 76858 | Vaults:5 | Identified an amulet "Gaem" {Reflect Dex+4 SH+5}
 76860 | Vaults:5 | Got the Volume of Creative Ignition
 76937 | Vaults:5 | Reached skill level 24 in Unarmed Combat
 77177 | Crypt:1  | Entered Level 1 of the Crypt
 77377 | Crypt:1  | Noticed Sojobo
 77391 | Vaults:2 | Killed Sojobo
 77795 | Crypt:1  | Received a gift from Nemelex Xobeh
 77848 | Crypt:1  | Identified the +1 chain mail of Cosm {Dex+3}
 78728 | Crypt:2  | Received a gift from Nemelex Xobeh
 78813 | Crypt:2  | Noticed Jory
 78824 | Crypt:2  | Killed Jory
 79341 | Crypt:3  | Entered Level 3 of the Crypt
 79652 | Crypt:3  | Reached XP level 25. HP: 185/238 MP: 29/36
 79876 | Crypt:3  | Found a basalt altar of Yredelemnul.
 79880 | Crypt:3  | Found an ancient bone altar of Kikubaaqudgha.
 80120 | Crypt:3  | Received a gift from Nemelex Xobeh
 80157 | Crypt:3  | Found a staircase to the Tomb.
 80578 | Crypt:3  | Received a gift from Nemelex Xobeh
 80923 | Depths:1 | Noticed the Enchantress
 80944 | Depths:1 | Killed the Enchantress
 81079 | Depths:1 | Reached skill level 25 in Unarmed Combat
 81130 | Depths:1 | Found a gateway to a ziggurat.
 81165 | Depths:1 | Found a gateway to Hell.
 81251 | Depths:1 | Noticed Nikola
 81257 | Depths:1 | Killed Nikola
 81344 | Depths:1 | Got the Grimoire of Aerial Cold
 81596 | Depths:1 | Found a snail-covered altar of Cheibriados.
 81876 | Depths:2 | Reached skill level 10 in Armour
 81905 | Depths:2 | Reached skill level 10 in Dodging
 81932 | Depths:1 | HP: 11/238 [spark wasp/living lightning (26)]
 81933 | Depths:1 | Killed from afar by a spark wasp

Illustrated notes

Levels and vault maps discovered:
D:1:      minmay_arrival_cross, layout_loops_ring,
          hellmonk_ecumenical_altar_slurped_away
D:2:      layout_basic
D:3:      layout_basic, nicolae_ashenzari_skybound, serial_shops,
          nicolae_shop_bloodbath_and_beyond, shop, nicolae_shop_stone,
          nicolae_diamond_shop, minmay_misc_feat_roman, serial_park_tiny_1
D:4:      kennysheep_slugbush, layout_loops_cross, mainiacjoe_overflow_alcove_4,
          minmay_temple_entry_offerings, kennysheep_generic_room_9, uniq_pikel,
          uniq_blork_the_orc
D:5:      layout_rooms, okawaru_gym_becter, kb_xom_exploding_sheep,
          guppyfry_early_orc_mine
D:6:      layout_loops_cross, tso_altar, yredelemnul_forgotten_temple_becter,
          minmay_unpleasant_kobolds
D:7:      layout_rooms, amcnicky_mini_rare_corridor_liquid,
          nicolae_elevator_lobby_asterisk
D:8:      layout_loops_ring, grunt_lair_entry_orc_guard_hut, serial_bayou,
          serial_bayou_lake_a, serial_bayou_pond_b, serial_bayou_pond_c,
          serial_bayou_lagoon_a, serial_bayou_shore_a
D:9:      layout_long_grid
D:10:     layout_loops_ring, nicolae_overflow_crystal_walls,
          mainiacjoe_overflow_catwalk,
          pdpol_temple_overflow_zin_treasury_gozag_greed,
          ebering_ghost_rock_garden, enter_bailey_3
D:11:     kennysheep_windowed_halls, layout_gridville, minivault_27,
          hangedman_abyss_or_decor_stabs
D:12:     layout_roguey, minmay_orc_entry_temple_small, elves_outpost_lemuel
D:13:     layout_loops_corners
D:14:     layout_cave_pools, erik_vaults_1, lemuel_round_altar,
          hangedman_feature_mirror
D:15:     gammafunk_depths_entry_grave, layout_basic,
          chequers_serial_rivers_micro_b
Temple:   minmay_temple_bridge_abc
Lair:1:   layout_cave_pods
Lair:2:   cheibrodos_lair_river_kwai, layout_cave_pods, minmay_shoals_entry_hut,
          spider_nest_entry_webs, serial_bayou_shore_b, grunt_megastairs_2,
          uniq_urug
Lair:3:   layout_cellular_growth, chequers_serial_rivers_small_3
Lair:4:   layout_loops_ring
Lair:5:   layout_roguey, lemuel_fruit_tree, uniq_kirke
Lair:6:   hellmonk_lair_end_abyssal_woods, layout_hall_layers, slime_dummy,
          gammafunk_ghost_arena, cheibrodos_lair_lostbears, uniq_nessos,
          uniq_rupert
Shoals:1: layout_shoals, nicolae_shop_firing_range, uniq_donald
Shoals:2: layout_shoals, serial_shops, shop_fountains
Shoals:3: layout_shoals, ebering_ghost_inner_flame, nicolae_shoals_secluded_bog,
          uniq_roxanne, uniq_mlioglotl
Shoals:4: shoals_end_hellmonk_storm_palace [storm_palace_center_square,
          storm_palace_corner_blocked, storm_palace_corner_reverse_hut,
          storm_palace_corner_altar, storm_palace_corner_reverse_hut],
          uniq_polyphemus, uniq_bai_suzhen
Spider:1: layout_spider_delve
Spider:2: cheibrodos_spider_deadly_dance, uniq_arachne, uniq_agnes, uniq_aizul
Spider:3: lemuel_spider_zombies, drop_trap, uniq_azrael
Spider:4: spider_rune_water, nicolae_spider_circle_web, drop_trap
Orc:1:    layout_caves, uniq_sonja
Orc:2:    st_orc_elflike, layout_caves, nicolae_orc_tapped_out, uniq_josephine
Elf:1:    eino_elf_arrival_sip, layout_loops_corners, special_room
          [special_room_mythical_zoo], serial_shops, shop, shop, shop,
          nicolae_shop_statue_plus, uniq_louise
Elf:2:    nicolae_elf_blades_crystal_corner, layout_geoelf_octagon,
          nicolae_specific_store, item_on_display_a
Elf:3:    nooodl_elf_gasket, layout_geoelf_castle
Vaults:1: advil_vaults_ghost_lines, vaults_room_fancy_cross,
          hangedman_vaults_stream, nicolae_vaults_gold_heap, v_misc_31,
          vaults_dpeg_ring, nicolae_vaults_yaktaur_gun_rack, v_misc_16,
          hangedman_vaults_maws, layout_vaults_quadrants, enter_trove_1
Vaults:2: grunt_vaults_hallway_short, v_misc_27, v_misc_17, st_diamondy,
          minmay_crypt_entry_skeletal_spiral, v_misc_18,
          vaults_standard_mumra_x, layout_vaults_chaotic_city, serial_shops,
          shop
Vaults:3: dpeg_vaults_pockets_of_resistance, nicolae_vaults_little_ls, v_misc_3,
          v_misc_18, v_pattern_1, vaults_mumra_lcd, v_misc_9,
          nicolae_vaults_theta, dpeg_vaults_monster_box, ontoclasm_vaults_fault,
          layout_vaults_omnicross
Vaults:4: v_misc_8, v_rooms_6, vaults_room_pool,
          nicolae_vaults_mini_display_case, st_greater_box_4, v_misc_11,
          ontoclasm_vaults_gateway, grunt_vaults_hallway_short,
          nicolae_vaults_ninety_degrees, v_misc_2, v_misc_3,
          nicolae_vaults_rhombus_6, nicolae_vaults_little_squares_1,
          ontoclasm_vaults_loading_screen, layout_vaults_omnibox, serial_shops,
          shop
Vaults:5: serial_shops, uniq_margery
Crypt:1:  layout_rooms, uniq_sojobo
Crypt:2:  layout_misc_corridors, roderic_lattice_octagonal_star, uniq_jory
Crypt:3:  lightli_unholy_cathedral, layout_chaotic_city,
          tomb_entry_simple_bobbens
Depths:1: layout_cave_pools, enter_ziggurat_f, abyss_entry_crystal,
          nicolae_figureground_pulse, hell_entry, slow_altar_2,
          serial_bayou_shore_b, uniq_enchantress, uniq_nikola
Depths:2: cell_vault, layout_cave_pools, hangedman_geh_valley,
          rand_demon_pan_entry_1, nicolae_abyss_entry_one_way_or_another,
          nicolae_qazlal_style_of_elements

Skill      XL: |  1  2  3  4  5  6  7  8  9 10 11 12 13 14 15 16 17 18 19 20 21 22 23 24 25 |
---------------+----------------------------------------------------------------------------+-----
Unarmed Combat | 4 5 6 7 8 9 10 12 14 15 16 18 19 20 21 22 23 24 25 | 25.1
Slings         | 1 2 3 4 5 6 7 8 9 11 12 14 16 | 16.0
Invocations    | 3 5 6 8 10 11 13 14 15 16 18 19 20 | 20.3
Shields        | 2 4 5 6 7 8 9 |  9.0
Fighting       | 3 5 7 9 10 11 13 15 17 18 19 20 21 22 | 22.2
Armour         | 2 5 6 7 9 10 | 10.1
Dodging        | 4 5 7 8 10 | 10.0
Evocations     | 1 3 4 5 9 12 | 12.0
Throwing       | 2 4 |  4.0

Action                   |  1- 3 |  4- 6 |  7- 9 | 10-12 | 13-15 | 16-18 | 19-21 | 22-24 | 25-27 || total
-------------------------+-------+-------+-------+-------+-------+-------+-------+-------+-------++-------
Melee: Unarmed           |    49 |    11 |   170 |   358 |   867 |   876 |   997 |   981 |   154 ||  4463
       Hunting sling     |       |       |       |       |     1 |       |       |       |       ||     1
 Fire: Hunting sling     |    13 |   119 |    96 |   184 |   432 |   173 |       |       |       ||  1017
       Fustibalus        |       |       |       |       |       |   413 |   353 |   348 |   151 ||  1265
Throw: Throwing net      |     4 |       |       |       |       |       |     1 |       |       ||     5
       Dart              |       |       |       |    46 |     2 |    23 |    12 |    14 |       ||    97
       Boomerang         |       |       |       |     8 |       |       |       |       |       ||     8
       Javelin           |       |       |       |       |       |       |     4 |    15 |       ||    19
Invok: Draw Destruction  |       |       |       |    10 |     9 |    51 |    14 |     5 |     4 ||    93
       Draw Summoning    |       |       |       |     6 |     6 |    11 |    18 |    14 |     1 ||    56
       Draw Escape       |       |       |       |     4 |       |     1 |     6 |       |       ||    11
       Triple Draw       |       |       |       |       |     1 |       |     1 |     1 |       ||     3
       Deal Four         |       |       |       |       |       |     6 |     1 |     1 |       ||     8
Evoke: Wand              |       |       |     1 |    31 |    11 |    25 |    12 |     9 |       ||    89
       Phantom mirror    |       |       |       |     1 |     3 |     2 |     2 |     3 |     1 ||    12
       Tin of tremorston |       |       |       |       |     3 |     9 |    10 |    14 |     3 ||    39
       Box of beasts     |       |       |       |       |       |     5 |     5 |     3 |       ||    13
       Phial of floods   |       |       |       |       |       |     2 |       |       |       ||     2
       Condenser vane    |       |       |       |       |       |       |     2 |     6 |       ||     8
  Use: Potion            |     1 |       |     1 |    10 |     4 |     5 |     6 |     1 |     1 ||    29
       Scroll            |     1 |       |       |     9 |    15 |    15 |     8 |    22 |     1 ||    71
 Stab: Sleeping          |       |       |       |     1 |     1 |     2 |       |       |       ||     4
       Paralysed         |       |       |       |     6 |     6 |       |     1 |       |       ||    13
       Petrifying        |       |       |       |     1 |     2 |       |       |       |       ||     3
       Distracted        |       |       |       |       |     1 |     1 |       |       |       ||     2
       Petrified         |       |       |       |       |     1 |    12 |       |       |       ||    13
       Held in net/web   |       |       |       |       |       |       |     2 |       |       ||     2
Armor: Leather armour    |    13 |    15 |       |       |       |       |       |       |       ||    28
       Ring mail         |       |     7 |    84 |    14 |       |       |       |       |       ||   105
       Shadow dragon sca |       |       |       |   227 |   539 |   208 |       |       |       ||   974
       Plate armour      |       |       |       |       |       |   231 |       |       |       ||   231
       Storm dragon scal |       |       |       |       |       |   107 |   483 |   232 |       ||   822
       Gold dragon scale |       |       |       |       |       |       |       |   218 |    76 ||   294
Dodge: Dodged            |    20 |    21 |    65 |    99 |   282 |   359 |   357 |   247 |    23 ||  1473
Block: Kite shield       |     6 |     7 |    61 |   161 |   446 |   560 |   603 |   540 |    49 ||  2433

Table legend: (Time is in decaauts)
 A = Elapsed time spent in this place.
 B = Non-inter-level travel time spent in this place.
 C = Inter-level travel time spent in this place.
 D = Time resting spent in this place.
 E = Time spent auto-exploring this place.
 F = Levels seen in this place.
 G = Mean time per level.
                   A        B        C        D        E       F      G
               +--------+--------+--------+--------+--------+-----+--------+
         Total |  81232 |  75444 |   5788 |  10934 |  50839 |  47 | 1728.3 |
       Dungeon |  22464 |  20487 |   1977 |   2723 |  14435 |  15 | 1497.6 |
        Temple |    240 |    218 |     22 |      0 |    193 |   1 |  240.0 |
          Lair |  10935 |   9897 |   1038 |    283 |   7881 |   6 | 1822.5 |
        Shoals |   9931 |   9574 |    357 |   1084 |   6776 |   4 | 2482.8 |
   Spider Nest |   7284 |   6802 |    482 |   1352 |   4140 |   4 | 1821.0 |
  Orcish Mines |   2135 |   1751 |    384 |     76 |   1394 |   2 | 1067.5 |
   Elven Halls |   6411 |   6092 |    319 |   1164 |   3798 |   3 | 2137.0 |
        Vaults |  17043 |  15984 |   1059 |   3796 |   9339 |   5 | 3408.6 |
         Crypt |   3097 |   2962 |    135 |    178 |   1983 |   3 | 1032.3 |
        Depths |   1031 |   1020 |     11 |      8 |    729 |   2 |  515.5 |
         Trove |     55 |     55 |      0 |      0 |      0 |   1 |   55.0 |
        Bailey |    600 |    600 |      0 |    268 |    168 |   1 |  600.0 |
               +--------+--------+--------+--------+--------+-----+--------+

Top non-repeatable levels by time:
Vaults:4: 5404 daAuts
  Lair:6: 3700 daAuts
Shoals:4: 3597 daAuts
Vaults:1: 3077 daAuts
    D:11: 2998 daAuts
Shoals:3: 2966 daAuts
Vaults:3: 2948 daAuts
Vaults:5: 2932 daAuts
   Elf:3: 2851 daAuts
Vaults:2: 2679 daAuts
  Lair:2: 2558 daAuts
   Elf:1: 2340 daAuts
    D:14: 2257 daAuts
Spider:2: 2246 daAuts
Shoals:1: 2153 daAuts
